 Dungeon Crawl Stone Soup version 0.30.0 (webtiles) character file.

Game seed: 9717302973034348746

119231 SeerSkye the Eclecticist (level 16, -3/108 HPs)
             Began as a Deep Elf Summoner on May 6, 2023.
             Was the Champion of Ashenzari.
             Succumbed to an emperor scorpion's poison
             ... on level 4 of the Spider Nest.
             The game lasted 02:26:12 (27409 turns).

SeerSkye the Eclecticist (Deep Elf Summoner)       Turns: 27409, Time: 02:26:13

Health: -3/108     AC: 18    Str:  8    XL:     16   Next: 27%
Magic:  22/42      EV: 15    Int: 34    God:    Ashenzari [******]
Gold:   2024       SH:  0    Dex: 15    Spells: 25/56 levels left

rFire   + + +        b - +3 longbow of Ashenzari's Regret {flame, Range, Melee} (curse)
rCold   . . .        (shield currently unavailable)
rNeg    . . .        l - +2 leather armour of Supernal Knowledge {rF+ SInv, Evo, Comp} (curse)
rPois   +            h - +2 helmet of the Unveiling Sky {Range, Fort} (curse)
rElec   .            N - +0 cloak of Supernal Gnosis {rCorr, Evo, Alch} (curse)
rCorr   +            v - +0 pair of gloves of Panopticon {Elem, Bglg} (curse)
SInv    +            O - +1 pair of boots "Eternal Seer" {rF+ Int+5, Self, Elem} (curse)
Will    +....        d - amulet of Apeoromancy {Regen+ Str+3 SInv, Range, Comp} (curse)
Stlth   ++++         p - ring "Shattered Loss" {Wiz, Fort, Range} (curse)
HPRegen 1.18/turn    G - ring "Share My Anxiety" {rPois rF+ AC+4, Elem, Cun} (curse)
MPRegen 0.28/turn

%: clarity, wizardry (x1)
@: lethally poisoned (-3 -> -60)
A: no striking features
a: Renounce Religion, Shatter the Chains


You were on level 4 of the Spider Nest.
You worshipped Ashenzari.
Ashenzari was exalted by your worship.
You visited 5 branches of the dungeon, and saw 24 of its levels.
You also visited: Sewer and Gauntlet.

You collected 2481 gold pieces.
You spent 457 gold pieces at shops.

Inventory:

Hand Weapons
 a - a +1 dagger of venom
 b - the cursed +3 longbow of Ashenzari's Regret (weapon) {flame, Range, Melee}
   (You took it off Nessos on level 3 of the Lair of Beasts)

   It has a curse which improves the following skills: Ranged Combat: Ranged
   Weapons and Throwing.
   Melee Combat: Short Blades, Long Blades, Axes, Maces & Flails, Polearms,
   Staves and Unarmed Combat.
Missiles
 m - a throwing net
Armour
 h - the cursed +2 helmet of the Unveiling Sky (worn) {Range, Fort}
   (You found it on level 2 of the Dungeon)

   It has a curse which improves the following skills: Ranged Combat: Ranged
   Weapons and Throwing.
   Fortitude: Armour and Shields.
 l - the cursed +2 leather armour of Supernal Knowledge (worn) {rF+ SInv, Evo, Comp}
   (You found it on level 2 of the Dungeon)

   rF:        It protects you from fire.
   SInv:      It lets you see invisible.
   It has a curse which improves the following skills: Evocations: Evocations.
   Companions: Summonings and Necromancy.
 v - the cursed +0 pair of gloves of Panopticon (worn) {Elem, Bglg}
   (You found it on level 5 of the Dungeon)

   It has a curse which improves the following skills: Elements: Fire Magic, Ice
   Magic, Air Magic and Earth Magic.
   Beguiling: Conjurations, Hexes and Translocations.
 N - the cursed +0 cloak of Supernal Gnosis (worn) {rCorr, Evo, Alch}
   (You took it off Maurice on level 8 of the Dungeon)

   It has a curse which improves the following skills: Evocations: Evocations.
   Alchemy:   Poison Magic and Transmutations.
 O - the cursed +1 pair of boots "Eternal Seer" (worn) {rF+ Int+5, Self, Elem}
   (You acquired it on level 10 of the Dungeon)

   Int:       It affects your intelligence (+5).
   rF:        It protects you from fire.
   It has a curse which improves the following skills: Introspection: Fighting
   and Spellcasting.
   Elements:  Fire Magic, Ice Magic, Air Magic and Earth Magic.
Jewellery
 d - the cursed amulet of Apeoromancy (around neck) {Regen+ Str+3 SInv, Range, Comp}
   (You found it on level 5 of the Dungeon)

   [amulet of regeneration]

   Str:       It affects your strength (+3).
   SInv:      It lets you see invisible.
   Regen:     It increases your rate of health regeneration.
   It has a curse which improves the following skills: Ranged Combat: Ranged
   Weapons and Throwing.
   Companions: Summonings and Necromancy.
 p - the cursed ring "Shattered Loss" (left hand) {Wiz, Fort, Range}
   (You took it off a goblin on level 3 of the Dungeon)

   [ring of wizardry]

   It improves your spell success rate.
   It has a curse which improves the following skills: Fortitude: Armour and
   Shields.
   Ranged Combat: Ranged Weapons and Throwing.
 y - a ring of wizardry
 C - an amulet of the acrobat
 G - the cursed ring "Share My Anxiety" (right hand) {rPois rF+ AC+4, Elem, Cun}
   (You found it in a Gauntlet)

   [ring of protection]

   AC:        It affects your AC (+4).
   rF:        It protects you from fire.
   rPois:     It protects you from poison.
   It has a curse which improves the following skills: Elements: Fire Magic, Ice
   Magic, Air Magic and Earth Magic.
   Cunning:   Dodging and Stealth.
 Q - a ring of resist corrosion
 T - a ring of willpower
 V - an amulet of reflection
Wands
 g - a wand of iceblast (34)
 j - a wand of flame (65)
 I - a wand of charming (10)
 J - a wand of polymorph (8)
 S - a wand of mindburst (10)
 X - a wand of light (3)
Scrolls
 f - 5 scrolls of fear
 i - 4 scrolls of torment
 k - 3 scrolls of enchant armour
 n - 7 scrolls of teleportation
 q - 5 scrolls of fog
 t - 5 scrolls of immolation
 x - 4 scrolls of blinking
 F - 3 scrolls of magic mapping
 L - 4 scrolls of amnesia
Potions
 c - 5 potions of degeneration
 e - 8 potions of curing {@q1}
 o - 2 potions of invisibility
 r - 3 potions of brilliance
 u - 6 potions of mutation
 w - 2 potions of cancellation
 z - 6 potions of might
 A - 2 potions of flight
 B - a potion of resistance
 D - a potion of magic
 E - a potion of haste
 K - a potion of attraction
 M - a potion of ambrosia
 P - 2 potions of berserk rage
 Z - 4 potions of heal wounds {@q2}
Miscellaneous
 s - a piece from Xom's chessboard (15/15)
 U - a phial of floods
 W - a tin of tremorstones (2/2)


   Skills:
 + Level 12.8(15.2) Fighting
 - Level 0.1(0.5) Short Blades
 - Level 14.1(19.7) Ranged Weapons
 - Level 4.3(7.6) Armour
 - Level 6.5(9.0) Dodging
 - Level 7.0(9.5) Stealth
 + Level 18.5(20.7) Spellcasting
 + Level 8.7(11.2) Conjurations
 - Level 2.5(4.5) Hexes
 - Level 11.8(15.3) Summonings
 - Level 4.0(7.3) Necromancy
 - Level 0.4(1.3) Transmutations
 - Level 0.4(2.0) Fire Magic
 - Level 0.4(2.0) Ice Magic
 - Level 3.1(7.0) Air Magic
 + Level 8.4(13.1) Earth Magic
 - Level 0.4(1.3) Poison Magic
 - Level 5.7(9.2) Evocations


You had 25 spell levels left.
You knew the following spells:

 Your Spells              Type           Power      Damage    Failure   Level
a - Stone Arrow           Conj/Erth      100%       3d13      1%          3
b - Call Imp              Summ           100%       N/A       0%          2
c - Call Canine Familiar  Summ           96%        N/A       0%          3
d - Summon Guardian Gole  Hex/Summ       80%        N/A       1%          3
e - Summon Lightning Spi  Summ/Air       84%        N/A       1%          4
f - Summon Hydra          Summ           48%        N/A       1%          7
g - Summon Small Mammal   Summ           100%       N/A       0%          1
h - Blink                 Tloc           74%        N/A       1%          2
i - Apportation           Tloc           74%        N/A       1%          1
z - Borgnjor's Vile Clut  Necr/Erth      40%        N/A       1%          5

Your spell library contained the following spells:

 Spells                   Type           Power      Damage    Failure   Level
 Beastly Appendage        Tmut           88%        N/A       1%          1
 Kiss of Death            Conj/Necr      100%       2d13      1%          1
 Necrotise                Necr           100%       1d9       1%          1
 Cigotuvi's Dreadful Rot  Necr/Pois/Air  100%       N/A       1%          2
 Lesser Beckoning         Tloc           74%        N/A       1%          2
 Momentum Strike          Conj/Tloc      100%       3d10      1%          2
 Sublimation of Blood     Necr           71%        N/A       1%          2
 Wereblood                Tmut           44%        N/A       1%          2
 Confusing Touch          Hex            60%        N/A       1%          3
 Gell's Gravitas          Tloc           37%        N/A       1%          3
 Inner Flame              Hex/Fire       55%        N/A       1%          3
 Spider Form              Tmut/Pois      44%        N/A       1%          3
 Teleport Other           Tloc           37%        N/A       1%          3
 Vampiric Draining        Necr           71%        2d11      1%          3
 Volatile Blastmotes      Fire/Tloc      86%        2d17      1%          3
 Animate Armour           Summ/Erth      100%       N/A       1%          4
 Dispel Undead            Necr           71%        3d24      1%          4
 Fulminant Prism          Conj/Hex       36%        3d18      1%          4
 Iskenderun's Mystic Bla  Conj/Tloc      65%        2d13      1%          4
 Summon Ice Beast         Ice/Summ       76%        N/A       1%          4
 Agony                    Necr           71%        N/A       1%          5
 Irradiate                Conj/Tmut      33%        3d22      1%          5
 Lee's Rapid Deconstruct  Erth           45%        3d22*     1%          5
 Summon Mana Viper        Hex/Summ       80%        N/A       1%          5
 Monstrous Menagerie      Summ           48%        N/A       1%          7
 Death Channel            Necr           35%        N/A       3%          6
 Yara's Violent Unravell  Hex/Tmut       26%        3d11      4%          5
 Alistair's Intoxication  Tmut/Pois      29%        N/A       8%          5
 Blade Hands              Tmut           22%        N/A       8%          5
 Lehudib's Crystal Spear  Conj/Erth      43%        10d11     21%         8
 Eringya's Noxious Bog    Tmut/Pois      22%        N/A       38%         6
 Enfeeble                 Hex            30%        N/A       50%         7
 Dragon Form              Tmut           22%        N/A       90%         7


Dungeon Overview and Level Annotations

Branches:
Dungeon (12/15) Zot: 25582  Temple (1/1) D:5 Zot: 5915    Lair (5/5) D:11 Zot: 23266
 Shoals (0/4) Lair:2       Spider (4/4) Lair:2 Zot: 21394   Slime (0/5) Lair:5
    Orc (2/2) D:10 Zot: 10070     Elf (0/3) Orc:2         Sewer (visited)
Gauntlet (visited)

Altars:
Ashenzari
Cheibriados
Dithmenos
Elyvilon
Fedhas
Gozag
Hepliaklqana
Kikubaaqudgha
Makhleb
Nemelex Xobeh
Okawaru
Qazlal
Ru
Sif Muna
Trog
Uskayaw
Vehumet
Wu Jian
Xom
Yredelemnul
Zin
The Shining One
Jiyva
Lugonu

Shops:
D:2 [   D:4 (   Orc:2 !(=[[

Portals:
Abyss: Lair:5

Annotations:
D:4 1 runed translucent door, exclusion: statue, Crazy Yiuf
D:5 4 runed translucent doors


Message History

The emperor scorpion is severely wounded.
* * * LOW HITPOINT WARNING * * *
You feel extremely sick. The emperor scorpion stings you.
* * * LOW HITPOINT WARNING * * *
The emperor scorpion misses you. The emperor scorpion barely misses you.
Your lightning spire shoots out a bolt of lightning at the emperor scorpion!
The bolt of electricity hits the emperor scorpion!
You shoot an arrow.
The arrow hits the emperor scorpion but does no damage.
The emperor scorpion is almost dead.
* * * LOW HITPOINT WARNING * * *
You feel extremely sick. The emperor scorpion stings you.
* * * LOW HITPOINT WARNING * * *
You are lethally poisoned!
The emperor scorpion poisons you! The emperor scorpion barely misses you.
The emperor scorpion claws you.
* * * LOW HITPOINT WARNING * * *
Casting: Borgnjor's Vile Clutch (mildly dangerous; 1% risk of failure)
Confirm with . or Enter, or press ? or * to list all spells.
Aiming: Stone Arrow (safe; 1% risk of failure)
Press: ? - help, Shift-Dir - straight line, f/p - emperor scorpion
Aim: an emperor scorpion (almost dead, ally target, 87% to hit)
The stone arrow hits the emperor scorpion!
The emperor scorpion is almost dead.
* * * LOW HITPOINT WARNING * * *
You feel extremely sick.
The emperor scorpion closely misses you.
The emperor scorpion misses you.
The emperor scorpion claws you but does no damage.
Unknown command.
Casting: Stone Arrow (safe; 1% risk of failure)
Confirm with . or Enter, or press ? or * to list all spells.
Aiming: Stone Arrow (safe; 1% risk of failure)
Press: ? - help, Shift-Dir - straight line, f/p - emperor scorpion
Aim: an emperor scorpion (almost dead, ally target, 87% to hit)
The stone arrow hits the emperor scorpion!
You kill the emperor scorpion!
You die...

,, *, *** ,,{{
* * * ,, *,,
**, , ** ^* ,,
, ^ *, * , *,
,*,**,* {
,{,,, ,,{ ,,,
, * ,** , {,,,
, ,,,, , * , ^
,, , * * ^ , ,
, , **, ,, ∆ ,
, ∆ * * ,, **
, * , , *****
* , * , * *,
## ,,*### *,,
* ,,, , * **
#..^###@#### {
,, * , ,***
#....<^8..#
{,, , * , ,
*.......##...#
,,,,* ** , ,
*...####* ..##
, ** ***,* * .
∆,,, ^.^.
****,** * ** ,
* ..... * , ,,
, ,, *
*..#..^, ,, ,
** , * ** ,^
^.##.. * , ,,
, , * ,,*
,**^,** *


You could see a friendly lightning spire (summoned).

Vanquished Creatures
  Saint Roka (Orc:2)
  Rupert (Lair:3)
  Asterion (Spider:1)
  An emperor scorpion (Spider:4)
  2 spark wasps
  Josephine (Orc:2)
  An entropy weaver (Spider:3)
  3 hydras
  Erica (D:9)
  2 radroaches
  2 ogre magi
  A boulder beetle (Spider:1)
  6 two-headed ogres
  5 death yaks
  2 orc high priests (Orc:2)
  A sixfirhy (Gauntlet)
  3 pharaoh ants
  6 orb spiders
  An orc knight (Orc:2)
  4 steelbarb worms
  3 ugly things
  A deep elf pyromancer (D:12)
  2 manticores (D:11)
  3 wolf spiders
  5 orc sorcerers (Orc:2)
  A moth of wrath (Lair:2)
  3 elephants
  Joseph (D:7)
  An ice statue (Gauntlet)
  A cane toad (Lair:4)
  A torpor snail (Spider:3)
  2 demonic crawlers (Spider:3)
  2 unseen horrors
  A gargoyle (D:12)
  A yaktaur (D:11)
  3 komodo dragons
  6 rime drakes
  3 trolls
  Prince Ribbit (D:8)
  8 tarantellas
  5 blink frogs (Lair:5)
  7 jumping spiders
  2 slime creatures (D:12)
  8 culicivoras
  7 small abominations (Lair:5)
  2 shadows
  A spriggan (Lair:5)
  A wyvern (D:9)
  2 ynoxinuls (Lair:5)
  2 steam dragons
  11 yaks
  A basilisk (Lair:2)
  3 wraiths (Orc:2)
  13 redbacks
  2 vampire mosquitoes (D:11)
  3 chaos spawn (Lair:5)
  4 wargs
  9 water moccasins
  12 orc warriors
  9 ogres (Orc:1)
  2 wolves (D:9)
  A centaur (D:11)
  A kobold brigand (D:7)
  5 bullfrogs
  3 wights (D:7)
  A killer bee (D:9)
  2 electric eels
  8 orc priests
  9 jellies
  10 orc wizards
  An ogre zombie (D:10)
  2 gnolls (Orc:2)
  2 ufetubi (Gauntlet)
  A dart slug (D:4)
  32 orcs
  2 endoplasms (Lair:5)
  2 kobolds (D:7)
  2 ball pythons
  A frilled lizard (Sewer)
  A hobgoblin skeleton (D:10)
  A hobgoblin zombie (D:10)
  An orc skeleton (D:10)
  3 orc zombies (D:10)
291 creatures vanquished.

Vanquished Creatures (collateral kills)
  An orc warlord (Orc:1)
  A broodmother (Spider:2)
  Nessos (Lair:3)
  A minotaur (Gauntlet)
  2 entropy weavers
  Erolcha (D:10)
  A jorogumo (Spider:3)
  4 hydras
  A radroach (Spider:2)
  A catoblepas (Lair:2)
  3 boulder beetles
  4 two-headed ogres
  A centaur warrior (D:11)
  10 death yaks
  Urug (Lair:3)
  An orc high priest (Orc:2)
  3 thrashing horrors (Lair:5)
  A soul eater (D:9)
  3 pharaoh ants
  A steelbarb worm (Spider:1)
  3 orc knights (Orc:2)
  A cyclops (D:12)
  2 wolf spiders (Spider:3)
  2 orc sorcerers
  2 ugly things
  A manticore (D:11)
  6 elephants
  A smoke demon (Lair:5)
  4 black mambas
  Maurice (D:8)
  An orange demon (D:9)
  3 torpor snails
  A gargoyle (D:6)
  9 cane toads
  2 rime drakes (Lair:5)
  Maggie (D:7)
  A yaktaur (D:11)
  An efreet (D:11)
  3 komodo dragons
  A hellwing (D:9)
  2 ancient zymes (Lair:5)
  4 polar bears
  4 trolls
  4 tarantellas
  10 blink frogs (Lair:5)
  6 jumping spiders
  3 slime creatures (D:12)
  4 culicivoras
  5 wraiths
  2 wyverns
  A shadow (D:10)
  3 basilisks
  28 yaks
  Menkaure (D:7)
  A chaos spawn (D:9)
  A steam dragon (D:10)
  A vampire mosquito (D:5)
  Grum (D:9)
  6 redbacks
  3 wargs
  2 large abominations (Lair:5)
  An acid dragon (D:12)
  5 water moccasins
  2 small abominations (Lair:5)
  12 orc warriors
  4 sky beasts
  3 black bears
  An ice beast (D:6)
  An ogre (shapeshifter) (D:11)
  4 ogres
  5 wolves (Lair:1)
  A centaur (D:10)
  A kobold brigand (D:10)
  A phantom (D:10)
  8 bullfrogs
  2 gnoll sergeants
  4 scorpions
  9 wights
  4 killer bees (D:9)
  2 howler monkeys
  8 jellies
  2 quasits (D:9)
  A hound (D:5)
  8 orc priests
  2 gnoll boudas
  5 iguanas
  3 sleepcaps
  Natasha (D:4)
  18 orc wizards
  5 ogre zombies (D:10)
  19 gnolls
  12 adders
  2 white imps
  3 ufetubi
  4 worms
  2 dart slugs (D:5)
  52 orcs
  13 ball pythons
  6 endoplasms
  9 giant cockroaches
  4 goblins
  3 hobgoblins
  11 jackals
  7 kobolds
  9 quokkas
  4 bats
  7 frilled lizards
  A goblin zombie (D:10)
  2 hobgoblin skeletons (D:10)
  2 hobgoblin zombies (D:10)
  6 orc zombies (D:10)
  5 rats
486 creatures vanquished.

Vanquished Creatures (others)
  Snorg (D:10)
  A death yak (Lair:1)
  2 komodo dragons (D:11)
  3 orc warriors
  An ogre (D:6)
  An orc (D:8)
  2 orc zombies (D:10)
  26 demonic plants
  25 fungi
  22 plants
84 creatures vanquished.

Grand Total: 861 creatures vanquished

Notes
Turn   | Place    | Note
-------+----------+-------------------------------------------
     0 | D:1      | SeerSkye the Deep Elf Summoner began the quest for the Orb.
     0 | D:1      | Reached XP level 1. HP: 10/10 MP: 6/6
   201 | D:1      | Reached XP level 2. HP: 13/15 MP: 6/8
   204 | D:1      | Learned a level 2 spell: Call Imp
   772 | D:1      | Reached skill level 5 in Summonings
  1125 | D:2      | Reached XP level 3. HP: 19/19 MP: 7/10
  1186 | D:2      | Identified the +2 leather armour of the Eight Boll Weevils
                  | {rF+ SInv}
  1276 | D:2      | Found Omuat's Antique Armour Boutique.
  1907 | D:3      | Reached skill level 4 in Spellcasting
  1929 | D:3      | Found a faded altar of an unknown god.
  1980 | D:3      | Reached XP level 4. HP: 24/24 MP: 10/12
  2014 | D:3      | Learned a level 3 spell: Call Canine Familiar
  2348 | D:3      | Found an ancient bone altar of Kikubaaqudgha.
  2552 | D:3      | Reached skill level 1 in Armour
  2692 | D:4      | Found Turaz's Antique Weapon Emporium.
  2786 | D:4      | Found a broken altar of Ashenzari.
  2791 | D:4      | Found a basalt altar of Yredelemnul.
  2797 | D:4      | Found a white marble altar of Elyvilon.
  2800 | D:4      | Found an iron altar of Okawaru.
  2803 | D:4      | Found a shimmering altar of Xom.
  2807 | D:4      | Found a hide-covered altar of Uskayaw.
  2828 | D:4      | Became a worshipper of Ashenzari the Shackled
  2895 | D:4      | Reached XP level 5. HP: 27/28 MP: 5/13
  2989 | D:4      | Found a radiant altar of Vehumet.
  2989 | D:4      | Noticed a frost-covered statue
  3236 | D:4      | Found a runed translucent door.
  3237 | D:4      | Noticed Crazy Yiuf
  3312 | D:4      | Noticed a black bear
  3451 | D:5      | Entered Level 5 of the Dungeon
  3640 | D:5      | Found a glowing drain.
  3667 | Sewer    | Entered a sewer
  3793 | Sewer    | Reached XP level 6. HP: 32/32 MP: 12/14
  4002 | Sewer    | Reached skill level 5 in Spellcasting
  4163 | D:5      | Found a large runed translucent door.
  4163 | D:5      | Noticed an orc warrior
  4163 | D:5      | Noticed a yak
  4193 | D:5      | Found a large runed translucent door.
  4199 | D:5      | Found a large runed translucent door.
  4199 | D:5      | Found a large runed translucent door.
  4234 | D:5      | Reached XP level 7. HP: 36/36 MP: 14/16
  4469 | D:5      | Found a sacrificial altar of Ru.
  4491 | D:5      | Reached * piety under Ashenzari
  4585 | D:5      | Learned a level 3 spell: Summon Guardian Golem
  4673 | D:5      | Reached skill level 1 in Hexes
  4690 | D:5      | Noticed a vampire mosquito
  4700 | D:5      | Killed a vampire mosquito
  4706 | D:5      | Learned a level 4 spell: Summon Lightning Spire
  4729 | D:5      | Identified the amulet "Onnythrai" {Regen+ Str+3 SInv}
  4764 | D:5      | Found a staircase to the Ecumenical Temple.
  4783 | Temple   | Entered the Ecumenical Temple
  5025 | D:5      | Reached skill level 6 in Spellcasting
  5025 | D:5      | Reached skill level 1 in Air Magic
  5025 | D:5      | Reached XP level 8. HP: 41/41 MP: 15/19
  5382 | D:2      | Bought a pair of glowing boots for 150 gold pieces
  5586 | D:4      | Noticed Natasha
  5595 | D:4      | Killed Natasha
  5942 | D:6      | Found a shadowy altar of Dithmenos.
  5967 | D:6      | Reached ** piety under Ashenzari
  6218 | D:6      | Reached skill level 1 in Ranged Weapons
  6293 | D:6      | Reached skill level 10 in Summonings
  6364 | D:6      | Reached skill level 7 in Spellcasting
  6607 | D:6      | Reached XP level 9. HP: 45/45 MP: 22/22
  6645 | D:6      | Reached skill level 1 in Fighting
  6675 | D:6      | Noticed a gargoyle
  6692 | D:6      | Reached skill level 8 in Spellcasting
  6696 | D:6      | Killed a gargoyle
  6701 | D:6      | Reached skill level 5 in Ranged Weapons
  7462 | D:7      | Reached skill level 9 in Spellcasting
  7507 | D:7      | Noticed Maggie
  7520 | D:7      | Killed Maggie
  7756 | D:7      | Noticed Menkaure
  7764 | D:7      | Killed Menkaure
  7765 | D:7      | Reached XP level 10. HP: 54/57 MP: 17/25
  7907 | D:7      | Noticed Joseph
  8071 | D:7      | Killed Joseph
  8072 | D:7      | Reached skill level 5 in Fighting
  8279 | D:8      | Reached *** piety under Ashenzari
  8432 | D:8      | Noticed Maurice
  8450 | D:8      | Killed Maurice
  8655 | D:8      | Noticed Prince Ribbit
  8661 | D:8      | Killed Prince Ribbit
  8662 | D:8      | Reached skill level 10 in Spellcasting
  8964 | D:8      | Reached **** piety under Ashenzari
  9628 | D:9      | Noticed Erica
  9638 | D:9      | Killed Erica
  9749 | D:9      | Reached ***** piety under Ashenzari
 10148 | D:9      | Reached XP level 11. HP: 68/68 MP: 21/27
 10231 | D:9      | Noticed a soul eater
 10250 | D:9      | Killed a soul eater
 10306 | D:9      | Noticed Grum
 10329 | D:9      | Killed Grum
 10435 | D:9      | Reached skill level 1 in Earth Magic
 10687 | D:10     | Entered Level 10 of the Dungeon
 10779 | D:10     | Identified a scroll of acquirement
 10834 | D:10     | Acquired the +1 pair of boots of Forking Paths {rF+ Int+5}
 10839 | D:10     | Noticed Snorg
 11066 | D:10     | Reached skill level 10 in Ranged Weapons
 11253 | D:10     | Killed Snorg
 11254 | D:10     | Reached skill level 1 in Conjurations
 11453 | D:10     | Noticed an orc sorcerer
 11468 | D:10     | Killed an orc sorcerer
 11508 | D:10     | Noticed Erolcha
 11535 | D:10     | Killed Erolcha
 11544 | D:10     | Learned a level 7 spell: Summon Hydra
 11651 | D:10     | Found a staircase to the Orcish Mines.
 11696 | D:10     | Reached ****** piety under Ashenzari
 12077 | D:11     | Reached skill level 1 in Evocations
 12133 | D:11     | Found a staircase to the Lair.
 12188 | D:11     | Noticed a centaur warrior
 12201 | D:11     | Killed a centaur warrior
 12305 | D:11     | Reached XP level 12. HP: 53/76 MP: 25/28
 12448 | D:11     | Noticed a two-headed ogre
 12456 | D:11     | Killed a two-headed ogre
 12823 | D:11     | Found a shimmering blue altar of Sif Muna.
 13491 | D:12     | Reached skill level 5 in Stealth
 13641 | Lair:1   | Entered Level 1 of the Lair of Beasts
 13758 | Lair:1   | Reached skill level 5 in Dodging
 14355 | Lair:1   | Noticed a death yak
 14356 | Lair:1   | Noticed a death yak
 14357 | Lair:1   | Noticed a death yak
 14359 | Lair:1   | Noticed a death yak
 14365 | Lair:1   | Killed a death yak
 14368 | Lair:1   | Noticed a death yak
 14370 | Lair:1   | Noticed a death yak
 14380 | Lair:1   | Killed a death yak
 14382 | Lair:1   | Killed a death yak
 14383 | Lair:1   | Reached skill level 11 in Spellcasting
 14729 | Lair:2   | Reached XP level 13. HP: 82/82 MP: 18/30
 14806 | Lair:2   | Reached skill level 10 in Fighting
 14915 | Lair:2   | Found a staircase to the Shoals.
 15037 | Lair:2   | Found a hole to the Spider Nest.
 15278 | Lair:2   | Found the +8 arc blade {discharge, rElec}
 15497 | Lair:3   | Found a gate leading to a gauntlet.
 15501 | Gauntlet | Entered a Gauntlet
 15501 | Gauntlet | Found a transporter.
 15510 | Gauntlet | Found a transporter.
 15512 | Gauntlet | Found a transporter.
 15514 | Gauntlet | Found a transporter.
 15529 | Gauntlet | Found a transporter.
 15544 | Gauntlet | Found a transporter.
 15546 | Gauntlet | Identified the ring "Pesos" {rF+ rC- MP+9 Int+4}
 15552 | Gauntlet | Found a transporter.
 15569 | Gauntlet | Found a transporter.
 15588 | Gauntlet | Found a transporter.
 15599 | Gauntlet | Identified the ring "Huts" {Wiz rF+}
 15600 | Gauntlet | Found a transporter.
 15611 | Gauntlet | Identified the ring "Bieneg" {Ice *Slow rElec rPois Dex+5}
 15612 | Gauntlet | Found a transporter.
 15624 | Gauntlet | Found a transporter.
 15630 | Gauntlet | Found a transporter.
 15630 | Gauntlet | Found a transporter.
 15643 | Gauntlet | Identified the ring "Daumidam" {rPois rF+ AC+4}
 15645 | Gauntlet | Found a transporter.
 15680 | Gauntlet | Found a transporter.
 15700 | Gauntlet | Found a transporter.
 15727 | Gauntlet | Found a transporter.
 16456 | Gauntlet | Noticed a minotaur
 16462 | Gauntlet | Killed a minotaur
 16706 | Lair:3   | Noticed Urug
 16729 | Lair:3   | Killed Urug
 16834 | Lair:3   | Learned a level 5 spell: Borgnjor's Vile Clutch
 16950 | Lair:3   | Noticed Rupert
 16965 | Lair:3   | Killed Rupert
 16966 | Lair:3   | Reached skill level 12 in Spellcasting
 16966 | Lair:3   | Reached skill level 1 in Necromancy
 17108 | Lair:3   | Noticed Nessos
 17116 | Lair:3   | Killed Nessos
 17191 | Lair:3   | Learned a level 2 spell: Blink
 17902 | Lair:4   | Reached skill level 5 in Evocations
 18465 | Lair:4   | Reached skill level 13 in Spellcasting
 18506 | Lair:4   | Reached XP level 14. HP: 66/94 MP: 4/35
 19251 | Lair:5   | Entered Level 5 of the Lair of Beasts
 19422 | Lair:5   | Found a viscous altar of Jiyva.
 19422 | Lair:5   | Found a staircase to the Slime Pits.
 19642 | Lair:5   | Reached skill level 14 in Spellcasting
 20064 | Lair:5   | Reached skill level 15 in Spellcasting
 20713 | Lair:5   | Reached skill level 16 in Spellcasting
 20895 | Lair:5   | Found a corrupted altar of Lugonu.
 20897 | Lair:5   | Found a one-way gate to the infinite horrors of the Abyss.
 21322 | Lair:5   | Learned a level 3 spell: Stone Arrow
 21744 | D:12     | Reached XP level 15. HP: 100/100 MP: 35/39
 22517 | Orc:1    | Entered Level 1 of the Orcish Mines
 22546 | Orc:1    | Reached skill level 5 in Conjurations
 22874 | Orc:1    | Reached skill level 5 in Earth Magic
 22951 | Orc:1    | Reached skill level 17 in Spellcasting
 23335 | Orc:2    | Entered Level 2 of the Orcish Mines
 23355 | Orc:2    | Found Fyilor's Armour Shop.
 23365 | Orc:2    | Noticed Saint Roka
 23392 | Orc:2    | Noticed Josephine
 23396 | Orc:2    | Killed Saint Roka
 23398 | Orc:2    | Killed Josephine
 24121 | Orc:2    | Found Cianauje's Armour Boutique.
 24121 | Orc:2    | Found Ikoza's Jewellery Shoppe.
 24123 | Orc:2    | Found Wooneot's Weapon Boutique.
 24123 | Orc:2    | Found Ozxo's Distillery.
 24129 | Orc:2    | Bought a +0 pair of boots of flying for 138 gold pieces
 24132 | Orc:2    | Bought a potion of resistance for 130 gold pieces
 24132 | Orc:2    | Bought a potion of attraction for 39 gold pieces
 24389 | Orc:2    | Found a staircase to the Elven Halls.
 24601 | Spider:1 | Entered Level 1 of the Spider Nest
 24847 | Spider:1 | Noticed Asterion
 24856 | Spider:1 | Killed Asterion
 25659 | Spider:2 | Reached skill level 18 in Spellcasting
 26085 | Spider:2 | Learned a level 1 spell: Apportation
 26280 | Spider:2 | Reached XP level 16. HP: 107/107 MP: 37/42
 27393 | Spider:4 | Entered Level 4 of the Spider Nest
 27409 | Spider:4 | Succumbed to an emperor scorpion's poison

Illustrated notes

Levels and vault maps discovered:
D:1:      dpeg_arrival_tiny_f, layout_loops_cross, kennysheep_small_spiral,
          minmay_hexomino_f4
D:2:      layout_rooms, serial_shops, nicolae_shop_rolling_square
D:3:      layout_rooms, mainiacjoe_overflow_chevrons,
          nicolae_ecumenical_oubliette
D:4:      layout_rooms, nicolae_overflow_hallway_of_the_gods, vehumet_statue,
          serial_corexii_hall, corexii_hall_statues_deadend,
          corexii_hall_statues_l, chequers_hall_statues_wall_a,
          corexii_hall_statues_deadend, serial_shops,
          nicolae_shop_window_shopping, uniq_crazy_yiuf_cottage, uniq_natasha
D:5:      layout_loops_corners, overflow_temple_1_default,
          minmay_temple_entry_mini_moons, serial_bayou, serial_bayou_shore_b,
          serial_bayou_ford_a, serial_bayou_shore_b, serial_bayou_shore_b,
          cheibrodos_sewer_entry_bend, minmay_hollow_rounded_squares
D:6:      cheibrodos_fzero, layout_loops_ring, nicolae_dithmenos_the_darkroom
D:7:      layout_basic, uniq_menkaure, uniq_maggie, uniq_joseph
D:8:      layout_loops_corners, special_room [special_room_orc],
          kennysheep_diamond, uniq_prince_ribbit1, uniq_maurice
D:9:      layout_basic, serial_demonic, serial_demonic_g, serial_demonic_f,
          serial_demonic_g, serial_demonic_d, uniq_grum, uniq_erica
D:10:     layout_roguey, zombieorc1_lemuel, dreamdust_mushroom_princess,
          uniq_erolcha, uniq_snorg
D:11:     minmay_the_grid_four_pointed_star_mashed
          [minmay_the_grid_triangle_9x9_from_above,
          minmay_the_grid_triangle_9x9_sprig,
          minmay_the_grid_triangle_9x9_pentomino_pain,
          minmay_the_grid_triangle_9x9_odd_lines,
          minmay_the_grid_prize_shrinking_boxes], layout_cave_pods,
          erik_lair_orcish_takeover, kennysheep_orc_sif_temple
D:12:     layout_small_grid, chequers_decorated_corner
Temple:   nicolae_temple_x_marks_the_god
Lair:1:   layout_regular_city
Lair:2:   layout_layer_cave, elwin_shoals_entry_rocks, spider_nest_entry_webs
Lair:3:   layout_hall_layers, gauntlet_entry_generic, infiniplex_staircase_pool,
          uniq_urug, uniq_nessos, uniq_rupert
Lair:4:   layout_hall_layers
Lair:5:   hellmonk_lair_end_abyssal_woods, layout_hall_layers,
          minmay_slime_entry_jelly_boxes, serial_bayou_shore_a,
          lemuel_fruit_fields
Spider:1: layout_spider_delve, uniq_asterion
Spider:2: layout_spider_delve, hangedman_spider_mandibles
Spider:3: layout_spider_delve, nicolae_spider_stair_cavern
Spider:4: hellmonk_spider_rune_bug_friends, portal_ice_cave_entry_pillars_1
Orc:1:    layout_caves, mines4_lemuel
Orc:2:    grunt_orc_tribal_feast, layout_diamond_mine, serial_shops,
          nicolae_lakefront_shop, uniq_josephine, uniq_saint_roka

Skill      XL: |  1  2  3  4  5  6  7  8  9 10 11 12 13 14 15 16 |
---------------+-------------------------------------------------+-----
Summonings     | 5 6 8 9 10 11 | 11.8
Spellcasting   | 4 5 6 7 9 10 11 13 16 18 | 18.5
Armour         | 1 2 3 4 |  4.3
Hexes          | 2 |  2.5
Air Magic      | 1 2 3 |  3.1
Ranged Weapons | 3 6 9 11 12 14 | 14.1
Stealth        | 3 6 7 |  7.0
Dodging        | 3 6 |  6.5
Fighting       | 4 7 9 10 11 12 | 12.8
Earth Magic    | 3 4 7 8 |  8.4
Conjurations   | 2 4 7 8 |  8.7
Evocations     | 3 5 |  5.7
Necromancy     | 3 4 |  4.0
Short Blades   | |  0.1
Transmutations | |  0.4
Fire Magic     | |  0.4
Ice Magic      | |  0.4
Poison Magic   | |  0.4

Action                     |  1- 3 |  4- 6 |  7- 9 | 10-12 | 13-15 | 16-18 || total
---------------------------+-------+-------+-------+-------+-------+-------++-------
  Melee: Unarmed           |     6 |       |       |       |       |       ||     6
         Dagger            |     4 |    25 |    11 |       |       |       ||    40
   Fire: Shortbow          |       |       |    86 |   547 |   809 |       ||  1442
         Longbow           |       |       |       |       |   263 |   126 ||   389
  Throw: Throwing net      |       |       |     1 |       |       |       ||     1
   Cast: Summon Small Mamm |    42 |    48 |    21 |     6 |     4 |       ||   121
         Call Imp          |    21 |    28 |    20 |    26 |     3 |       ||    98
         Call Canine Famil |       |     9 |    24 |    29 |     6 |       ||    68
         Summon Guardian G |       |       |    18 |    22 |     5 |       ||    45
         Summon Lightning  |       |       |     7 |    63 |   129 |    17 ||   216
         Summon Hydra      |       |       |       |    17 |    27 |     1 ||    45
         Borgnjor's Vile C |       |       |       |       |    93 |    28 ||   121
         Blink             |       |       |       |       |     2 |     1 ||     3
         Stone Arrow       |       |       |       |       |     4 |     5 ||     9
 Invoke: Curse Item        |       |     1 |     3 |     5 |     3 |       ||    12
         Shatter the Chain |       |       |       |       |     3 |       ||     3
  Evoke: Wand              |       |     4 |       |       |       |       ||     4
    Use: Potion            |       |     1 |       |     1 |     4 |     1 ||     7
         Scroll            |       |       |       |     2 |     4 |       ||     6
   Stab: Distracted        |       |     1 |       |       |       |       ||     1
 Armour: Robe              |    13 |       |       |       |       |       ||    13
         Leather armour    |     2 |    30 |    26 |    82 |   168 |    18 ||   326
  Dodge: Dodged            |    27 |    36 |    42 |   184 |   291 |    31 ||   611
